Cogmind - Beta 11 @@@ ROGUE MODE // 2022.03.30 @ 20:00:15 Player: CrossedViper Result: Core destroyed Performance ------------- Evolutions (6) 3000 Regions Visited (22) 4400 Robots Destroyed (188) 940 Value Destroyed (9889) 9889 Prototype IDs (57) 1140 Alien Tech Used (0) 0 Bonus (4589) 4589 TOTAL SCORE: 23958 Bonus ------- High Alert Combat Kills 844 Follower Combat Kills 2036 Aligned with FarCom 300 Met Data Miner 300 Met Zhirov 300 Met Warlord at Base 500 MAIN.C Attacked Warlord 500 Built Enhanced Grunts 300 A7 Reached Mainframe 300 Met R17 at Cetus 500 Friendly Fire -1291 Cogmind --------- Core Integrity 0/1150 Matter 0/300 Energy 100/100 System Corruption 68% Temperature Cool (0) Movement Core (700) Ox13 Location -4/Factory Parts ------- > --- POWER (2) -------- Vortex Chain Reactor > --- PROPULSION (5) --- Improved Gyrokinetic Inverter Improved Gyrokinetic Inverter Improved Gyrokinetic Inverter Improved Gyrokinetic Inverter > --- UTILITY (8) ------ (None) > --- WEAPON (4) ------- Molecular Deconstructor > --- INVENTORY (5) ---- Centrium Medium Armor Plating Enhanced Gauss Cannon Enhanced Gauss Cannon Peak State ------------ > --- POWER ------------ Quantum Reactor > --- PROPULSION ------- Centrium Heavy Treads Centrium Heavy Treads > --- UTILITY ---------- Experimental Coolant Injector High-capacity Storage Unit Experimental Core Analyzer Improved Weapon Cycler Layered Heavy Armor Plating Centrium Medium Armor Plating Centrium Medium Armor Plating > --- WEAPON ----------- Advanced Variable Charge Gun Advanced Variable Charge Gun Advanced Variable Charge Gun Advanced KE Penetrator > --- INVENTORY -------- Quantum Reactor Vortex Chain Reactor Experimental Phase Shifter Centrium Medium Armor Plating Thermal Barrier Improved Energy Mantle Gauss Rifle Hypervelocity Gauss Rifle Precision Rocket Launcher Molecular Deconstructor [Rating: 143] Favorites ----------- Power Quantum Reactor Engine Light Angular Momentum Engine Power Core Neutrino Core Reactor Quantum Reactor Propulsion Armored Treads Treads Armored Treads Leg Titanium Leg Wheel Armored Huge Wheel Hover Unit Improved Gyrokinetic Inverter Flight Unit Improved VTOL Module Utility High-capacity Storage Unit Device Improved Cooling System Storage High-capacity Storage Unit Processor Advanced Terrain Scan Processor Hackware Advanced Hacking Suite Protection Improved Medium Armor Plating Weapon Advanced Beam Rifle Energy Gun Advanced Beam Rifle Energy Cannon Particle Cannon Ballistic Gun Gauss Rifle Ballistic Cannon Magnetic Acceleration Cannon Launcher Precision Rocket Launcher Special Weapon Molecular Deconstructor Impact Weapon Heavy Mace Special Melee Weapon Datajack Build | -11 -10 -10 -10 -9 -8 -8 -7 -7 -7 -7 -6 -6 -6 -6 -6 -6 -5 -5 -5 -5 -4 -4 ------- Run | Scr Mat Min Exi Min Mat Sto Fac Low Low Dat Pro Fac Ext Cet Arc Hub Fac Upp Upp War Pro Fac Slots Evolved 12 | . . . . . 4 . 2 . . . . 2 . . . . 2 . . . . 2 Power 1 | . . . . . . . . . . . . . . . . . . . . . . 1 Propulsion 3 | . . . . . 2 . . . . . . . . . . . . . . . . 1 Utility 6 | . . . . . 1 . 2 . . . . 2 . . . . 1 . . . . . Weapon 2 | . . . . . 1 . . . . . . . . . . . 1 . . . . . Parts Attached 180 | 6 2 . . 3 16 22 10 3 4 3 2 30 18 9 . 7 8 6 . 22 . 9 Power 15 | 1 . . . . 1 2 2 1 . . . 2 3 1 . . . . . 1 . 1 Engine 10 | 1 . . . . 1 2 2 . . . . 2 2 . . . . . . . . . Core 2 | . . . . . . . . 1 . . . . 1 . . . . . . . . . Reactor 3 | . . . . . . . . . . . . . . 1 . . . . . 1 . 1 Propulsion 41 | 2 . . . 1 6 8 3 . . . . 5 3 4 . 2 1 . . 1 . 5 Treads 22 | 2 . . . 1 1 . 2 . . . . 5 3 4 . 2 1 . . 1 . . Leg 12 | . . . . . 5 7 . . . . . . . . . . . . . . . . Wheel 1 | . . . . . . . 1 . . . . . . . . . . . . . . . Hover 5 | . . . . . . . . . . . . . . . . . . . . . . 5 Flight 1 | . . . . . . 1 . . . . . . . . . . . . . . . . Utility 50 | 1 2 . . 1 3 1 2 2 2 . 2 10 5 . . 1 5 1 . 12 . . Device 23 | . 1 . . 1 2 1 . 1 2 . 2 5 1 . . . 2 1 . 4 . . Storage 3 | 1 1 . . . 1 . . . . . . . . . . . . . . . . . Processor 5 | . . . . . . . 1 1 . . . 1 . . . . 1 . . 1 . . Hackware 1 | . . . . . . . . . . . . . . . . 1 . . . . . . Protection 18 | . . . . . . . 1 . . . . 4 4 . . . 2 . . 7 . . Artifact . | . . . . . . . . . . . . . . . . . . . . . . . Weapon 74 | 2 . . . 1 6 11 3 . 2 3 . 13 7 4 . 4 2 5 . 8 . 3 Energy Gun 33 | 2 . . . 1 4 9 3 . . 2 . 1 1 3 . 2 1 1 . 3 . . Energy Cannon 1 | . . . . . 1 . . . . . . . . . . . . . . . . . Ballistic Gun 19 | . . . . . . . . . . . . 7 4 . . 2 . 3 . 3 . . Ballistic Cannon 4 | . . . . . . . . . . . . . 1 . . . . . . 1 . 2 Launcher 8 | . . . . . . 1 . . 1 1 . 3 . 1 . . 1 . . . . . Special Weapon 3 | . . . . . . . . . . . . . . . . . . 1 . 1 . 1 Impact Weapon 5 | . . . . . . 1 . . 1 . . 2 1 . . . . . . . . . Slashing Weapon . | . . . . . . . . . . . . . . . . . . . . . . . Piercing Weapon . | . . . . . . . . . . . . . . . . . . . . . . . Special Melee Weapon 1 | . . . . . 1 . . . . . . . . . . . . . . . . . Unidentified Prototypes 20 | . . . . . 1 7 . . . . . . . 2 . 1 1 2 . 5 . 1 Corrupted Parts 5 | . . . . . . . . . . . . . . . . 5 . . . . . . System Corruption 21 | . . . . . . . . . . . . . . . . 21 . . . . . . Parts Lost 49 | . . . . 2 1 1 1 . . . 1 11 14 2 . . 1 1 . 12 1 1 Power 7 | . . . . . 1 . 1 . . . 1 1 2 . . . . . . 1 . . Propulsion 13 | . . . . 1 . 1 . . . . . 2 3 2 . . . . . 2 1 1 Utility 16 | . . . . . . . . . . . . 5 4 . . . . . . 7 . . Weapon 13 | . . . . 1 . . . . . . . 3 5 . . . 1 1 . 2 . . Highest Loss Streak 7 | . . . . 2 1 1 1 . . . 1 3 7 2 . . 1 1 . 6 1 1 To Critical Strikes 2 | . . . . . . . . . . . . . . . . . . . . 2 . . Average Slot Usage (%) 85 | . 93 100 100 99 91 99 92 91 91 76 80 86 90 89 86 86 88 75 76 73 5 28 Engine 3 | . 14 14 14 14 9 9 6 1 . . . 5 3 . . . . . . . . . Core 1 | . . . . . . . . 5 7 7 2 . 2 3 . . . . . . . . Reactor 1 | . . . . . . . . . . . . . . 2 6 6 5 5 5 4 . 4 Treads 16 | . 28 28 28 27 17 . 12 15 15 15 15 23 25 23 20 20 16 11 11 10 5 . Leg 2 | . . . . . 13 35 4 . . . . . . . . . . . . . . . Wheel 1 | . . . . . . . 5 7 7 7 7 . . . . . . . . . . . Device 13 | . 7 14 14 14 16 18 15 15 14 15 15 14 13 6 6 6 10 22 23 14 . . Storage 7 | . 14 14 14 14 9 9 7 7 7 7 7 6 6 6 6 6 5 5 5 4 . . Processor 6 | . . . . . . . 6 14 15 15 15 12 6 6 6 6 5 5 5 4 . . Protection 5 | . . . . . . . 6 . . . . 3 14 20 20 14 16 . . 10 . . Energy Gun 13 | . 28 28 28 28 25 26 23 23 17 4 9 1 2 4 6 6 4 5 11 10 . . Ballistic Gun 5 | . . . . . . . . . . . . 14 12 6 6 9 13 15 11 7 . . Naked Turns 18 | . . . . . . . . . . . . . . . . . . . . . 7 11 Heaviest Build 162 | 13 29 29 29 32 62 62 61 63 70 70 70 88 92 103 103 103 107 107 89 162 . 41 Greatest Support 160 | 40 40 40 40 40 63 68 68 28 28 28 28 80 88 128 128 128 160 160 160 160 3 58 Greatest Overweight (x) 2 | . . . . . . 1 2 2 2 2 2 1 1 1 . . . . . 1 . . Average Overweight (x) . | . . . . . . . 1 2 2 2 1 . . . . . . . . . . . Largest Inventory Capacity 20 | 8 15 15 15 15 20 20 20 20 20 20 20 20 20 20 20 20 20 20 20 20 5 5 Average Capacity 18 | 7 13 15 15 15 19 20 20 20 20 20 20 20 20 20 20 20 20 20 20 19 5 5 Most Carried 20 | 3 4 15 15 15 20 20 20 20 20 20 20 20 18 20 20 20 20 20 19 19 5 5 Average Carried 16 | 1 3 10 14 14 16 19 18 18 19 20 20 15 15 18 20 19 18 18 19 14 5 3 Final Capacity 20 | 8 15 15 15 15 20 20 20 20 20 20 20 20 20 20 20 20 20 20 20 5 5 5 Final Carried 20 | 3 4 15 15 15 20 20 20 19 20 20 20 15 12 20 20 20 19 19 19 5 5 3 Class Distribution -------------------- 31% | Mutant 21% | Scavenger-Tank 20% | Skirmisher 17% | Scavenger-Skirmisher 7% | Scavenger-Mutant Dominant Class ---------------- Mutant | -10/Materials Mutant | -10/Mines Mutant | -10/Exiles Mutant | -9/Mines Scavenger-Skirmisher | -8/Materials Scavenger-Skirmisher | -8/Storage Skirmisher | -7/Factory Skirmisher | -7/Lower Caves Mutant | -7/Lower Caves Mutant | -7/Data Miner Mutant | -6/Proximity Caves Skirmisher | -6/Factory Scavenger-Tank | -6/Extension Scavenger-Tank | -6/Cetus Scavenger-Tank | -6/Archives Scavenger-Tank | -6/Hub_04(d) Scavenger-Tank | -5/Factory Scavenger-Skirmisher | -5/Upper Caves Scavenger-Skirmisher | -5/Upper Caves Scavenger-Tank | -5/Warlord Mutant | -4/Proximity Caves Mutant | -4/Factory Resources | -11 -10 -10 -10 -9 -8 -8 -7 -7 -7 -7 -6 -6 -6 -6 -6 -6 -5 -5 -5 -5 -4 -4 ----------- Run | Scr Mat Min Exi Min Mat Sto Fac Low Low Dat Pro Fac Ext Cet Arc Hub Fac Upp Upp War Pro Fac Matter Collected 4836 | 260 15 . . 25 150 204 186 42 136 . 149 927 1103 348 . 57 502 277 14 441 . . Remotely . | . . . . . . . . . . . . . . . . . . . . . . . Salvage Created 9468 | 86 150 237 . 177 400 805 837 96 226 . 187 1524 1337 174 . 59 1223 445 . 1442 . 63 Parts 380 | 2 6 12 . 5 16 43 34 7 10 . 3 71 48 9 . . 56 26 . 32 . . Haulers Intercepted 13 | . . . . . 1 4 1 . . . . 2 3 . . . 2 . . . . . Recyclers Shooed 10 | . 1 . . . . . 2 . . . . 2 4 . . . 1 . . . . . Parts Field Recycled . | . . . . . . . . . . . . . . . . . . . . . . . Retrieved Matter . | . . . . . . . . . . . . . . . . . . . . . . . Parts Self-Destructed 114 | . . . . . . . . 1 33 . 3 . . . . . . 25 5 47 . . Prevented 4 | . . . . . . . . . . . 2 . . . . . . . 2 . . . Kills | -11 -10 -10 -10 -9 -8 -8 -7 -7 -7 -7 -6 -6 -6 -6 -6 -6 -5 -5 -5 -5 -4 -4 ------- Run | Scr Mat Min Exi Min Mat Sto Fac Low Low Dat Pro Fac Ext Cet Arc Hub Fac Upp Upp War Pro Fac Combat Hostiles Destroyed 138 | . 2 3 . 6 6 13 11 2 7 . 6 22 10 6 . 1 17 7 . 18 . 1 Guns 103 | . 2 3 . 6 4 13 11 2 3 . . 15 9 1 . 1 13 7 . 13 . . Cannons 7 | . . . . . . . . . . . . . 1 . . . . . . 5 . 1 AOE 26 | . . . . . . . . . 4 . 6 7 . 5 . . 4 . . . . . Classes Destroyed 21 | 1 2 2 . 1 4 1 1 2 . . . 4 . . . . . . . 2 . 1 Worker 9 | . . . . . 1 . 2 . . . . 3 . . . . 3 . . . . . Builder 5 | . . . . . 1 . . . . . . 3 . . . . . . . . . 1 Tunneler 4 | . . 1 . . 1 . . . . . . . 2 . . . . . . . . . Hauler 13 | . . . . . 1 4 1 . . . . 2 3 . . . 2 . . . . . Recycler 10 | 1 . . . . 1 1 1 . . . . 1 3 . . . 2 . . . . . Operator 1 | . . . . . . . . . . . . . . . . . . . . . . 1 Watcher 7 | . 2 . . . . . 2 . . . . 1 . . . . 2 . . . . . Swarmer 25 | . . . . 3 . 3 . . 3 . . 3 . 3 . . 8 2 . . . . Grunt 51 | . 2 1 . 3 2 5 3 . 4 . 5 9 6 3 . 1 4 3 . . . . Brawler 2 | . . . . . . 1 . . . . 1 . . . . . . . . . . . Duelist 2 | . . . . . . . . . . . . 1 . . . . 1 . . . . . Sentry 18 | . . 2 . . 2 4 4 . . . . 1 2 . . . 1 1 . . . 1 Specialist 2 | . . . . . . . . . . . . 2 . . . . . . . . . . Hunter 11 | . . . . . 2 . 2 1 . . . 2 1 . . . 2 1 . . . . Programmer 4 | . . . . . . . 2 . . . . 1 . . . . 1 . . . . . Heavy 2 | . . . . . . . . . . . . 2 . . . . . . . . . . Behemoth 2 | . . . . . . . . . . . . 1 1 . . . . . . . . . Samaritan 1 | . . . . . . . . 1 . . . . . . . . . . . . . . Thief 1 | . . . . . . . . 1 . . . . . . . . . . . . . . Wasp 1 | . . . . . . . . . . . . . . . . . . . . 1 . . Thug 6 | . . 1 . . . . . . . . . . . . . . . . . 5 . . Savage 2 | . . . . . . . . . . . . . . . . . . . . 2 . . Bouncer 2 | . . . . . . . . . . . . . . . . . . . . 2 . . Mutant 3 | . . . . . . . . . . . . . . . . . . . . 3 . . Commander 1 | . . . . . . . . . . . . . . . . . . . . 1 . . Knight 2 | . . . . . . . . . . . . . . . . . . . . 2 . . Best Kill Streak 11 | 1 2 2 . 3 3 4 6 1 4 . 3 11 6 3 . 1 7 3 . 7 . 3 Combat Bots Only 7 | . 1 2 . 3 2 4 4 1 4 . 3 5 2 3 . 1 5 3 . 7 . 1 Max Kills in Single Turn 4 | 1 1 1 . 1 1 1 2 1 3 . 2 3 2 2 . 1 4 1 . 2 . 2 Gunslinging 1 | . . . . . . . 1 . 1 . . . . . . . . . . 1 . . Exploded 4 | . . . . . . . . . 3 . 2 2 . 2 . . 4 . . . . . Melee . | . . . . . . . . . . . . . . . . . . . . . . . Uniques/NPCs Destroyed 2 | . . . . . . . . . . . . . . . . . . . . 2 . . Fake God Mode (-5/Warlord) Warlord (-5/Warlord) Combat | -11 -10 -10 -10 -9 -8 -8 -7 -7 -7 -7 -6 -6 -6 -6 -6 -6 -5 -5 -5 -5 -4 -4 -------- Run | Scr Mat Min Exi Min Mat Sto Fac Low Low Dat Pro Fac Ext Cet Arc Hub Fac Upp Upp War Pro Fac Damage Taken 17779 | . 134 15 . 496 363 587 566 149 177 . 363 2788 2934 793 . 143 820 575 . 5007 233 1636 Core 2891 | . 44 . . 109 22 35 72 23 . . 39 356 129 44 . 43 38 19 . 571 155 1192 Absorbed by Shields 259 | . . . . . . . . . . . . . 58 177 . . . . . 24 . . Reduced by Siege Mode 65 | . . . . . . . . . . . . . . . . . 4 40 . 21 . . Redirected to Shielding 87 | . . . . . . . 75 12 . . . . . . . . . . . . . . Core Remaining (%) 60 | 100 . . . 38 . 89 . . . . 80 . . . . 32 . . . . 21 . Volleys Fired 535 | 3 18 8 . 16 27 45 43 10 8 . 6 82 85 21 . 12 39 28 1 67 . 16 Largest 4 | 2 2 2 . 2 3 3 3 3 3 . 1 3 3 3 . 3 4 4 4 4 . 1 Hottest 595 | 90 90 90 . 115 205 197 183 183 183 . 43 122 150 240 . 143 178 228 228 595 . 57 Shots Fired 1340 | 6 36 16 . 32 77 121 131 29 22 . 7 195 216 41 . 25 114 62 4 190 . 16 Gun 1218 | 6 36 16 . 32 76 121 131 29 20 . . 189 214 20 . 23 113 50 4 138 . . Cannon 73 | . . . . . 1 . . . . . . . 2 16 . 2 . . . 49 . 3 Launcher 21 | . . . . . . . . . 2 . 7 6 . 5 . . 1 . . . . . Special 28 | . . . . . . . . . . . . . . . . . . 12 . 3 . 13 Kinetic 671 | . . . . . . . . . . . . 185 202 31 . 15 83 39 2 111 . 3 Thermal 620 | 6 36 16 . 32 77 121 131 29 20 . . 4 14 5 . 10 30 11 2 76 . . Explosive 21 | . . . . . . . . . 2 . 7 6 . 5 . . 1 . . . . . Electromagnetic . | . . . . . . . . . . . . . . . . . . . . . . . Robot Hit Streak 40 | 2 14 5 . 13 9 10 12 9 5 . 10 40 17 3 . 5 12 32 . 16 . 2 Robot Miss Streak 9 | 1 3 2 . 2 3 4 3 4 2 . 1 4 3 9 . 3 8 1 . 5 . 1 Penetration Max 1 | . . . . . . . . . . . . 1 1 . . . 1 1 . 1 . . Secondary Targets 10 | . . . . 2 1 1 1 . 1 . . 2 . . . . . 1 . 1 . . Max Gunslinging Chain 1 | . . . . 1 1 1 1 . 1 . . 1 . . . . . 1 . 1 . . Autonomous 49 | . . . . . . . . . . . . . . . . . . . . 49 . . Shots Hit Robots 860 | 4 24 12 . 23 50 64 88 18 9 . 5 148 153 25 . 8 77 42 . 108 . 2 Core Hits 395 | 2 8 8 . 10 14 24 35 6 9 . 18 68 52 28 . 5 51 15 . 39 . 3 Critical Kills 14 | . . . . . . . . . . . . . 2 . . . 4 4 . 4 . . Critical Parts Destroyed 17 | . . . . . . . . . . . . 2 1 . . 1 7 3 . 3 . . Critical Strikes 63 | . 1 1 . . 3 4 9 1 1 . . 3 5 . . 1 11 10 . 12 . 1 Burn 21 | . 1 1 . . 3 4 9 1 1 . . . 1 . . . . . . . . . Destroy 37 | . . . . . . . . . . . . 3 4 . . 1 11 10 . 8 . . Blast 5 | . . . . . . . . . . . . . . . . . . . . 4 . 1 Melee Attacks 25 | . . . . . . 1 . . 17 . . 6 1 . . . . . . . . . Impact 25 | . . . . . . 1 . . 17 . . 6 1 . . . . . . . . . Slashing . | . . . . . . . . . . . . . . . . . . . . . . . Piercing . | . . . . . . . . . . . . . . . . . . . . . . . Sneak Attacks 3 | . . . . . . . . . . . . 2 1 . . . . . . . . . Combat Hostiles . | . . . . . . . . . . . . . . . . . . . . . . . Follow-up Attacks . | . . . . . . . . . . . . . . . . . . . . . . . Damage Inflicted 27137 | 46 298 169 . 366 923 1317 1912 360 610 . 1349 4700 3726 1568 . 226 2694 999 32 5340 . 502 Guns 16953 | 46 289 140 . 366 870 1267 1905 360 120 . . 2808 3539 231 . 223 2374 999 . 1416 . . Cannons 4320 | . . . . . 21 . . . . . . . 57 255 . . . . . 3924 . 63 Explosions 5090 | . . . . . . . . . 490 . 1349 1714 . 1082 . . 263 . . . . 192 Melee 292 | . . . . . . . . . . . . 178 114 . . . . . . . . . Ramming 482 | . 9 29 . . 32 50 7 . . . . . 16 . . 3 57 . 32 . . 247 Kinetic 13786 | . . . . . . . . . . . . 2728 3346 424 . 139 1808 755 . 4523 . 63 Thermal 8095 | 46 289 140 . 366 891 1267 1905 360 120 . . 496 250 62 . 84 566 244 . 817 . 192 Explosive 4482 | . . . . . . . . . 490 . 1349 1298 . 1082 . . 263 . . . . . Electromagnetic . | . . . . . . . . . . . . . . . . . . . . . . . Impact 292 | . . . . . . . . . . . . 178 114 . . . . . . . . . Slashing . | . . . . . . . . . . . . . . . . . . . . . . . Piercing . | . . . . . . . . . . . . . . . . . . . . . . . Highest Corruption 68 | . . . . . . 1 3 3 3 3 3 . 3 3 3 24 . . . 34 34 68 Average Corruption 7 | . . . . . . 1 2 3 3 3 3 . 2 3 3 3 . . . 15 34 44 Corruption Purged . | . . . . . . . . . . . . . . . . . . . . . . . Corruption Blocked . | . . . . . . . . . . . . . . . . . . . . . . . Effects 151 | . . . . . . 4 13 11 38 3 4 . 14 9 . 8 . . . 17 7 23 Message Errors 43 | . . . . . . 1 2 2 13 1 . . 7 1 . 3 . . . 8 1 4 Matter Fused 25 | . . . . . . . 2 3 7 2 . . 2 3 . . . . . 2 3 1 Heat Flow Errors 15 | . . . . . . 1 1 . 5 . . . 1 1 . 2 . . . . 1 3 Energy Discharges 22 | . . . . . . 2 1 4 4 . 1 . 1 1 . . . . . 3 1 4 Parts Rejected 1 | . . . . . . . . . . . 1 . . . . . . . . . . . Data Loss (minor) 18 | . . . . . . . 3 . 3 . . . 2 1 . 1 . . . 1 . 7 Data Loss (major) 7 | . . . . . . . . 1 1 . . . . . . 2 . . . . . 3 Misfires 10 | . . . . . . . 3 . 4 . 1 . . 1 . . . . . 1 . . Alerts 5 | . . . . . . . . . 1 . 1 . 1 1 . . . . . . . 1 Misdirections 2 | . . . . . . . . . . . . . . . . . . . . 1 1 . Weapon Failures 3 | . . . . . . . 1 1 . . . . . . . . . . . 1 . . Overload Shots 12 | . . . . . . . . . . . . . . 1 . . . . . 11 . . Effects 1 | . . . . . . . . . . . . . . . . . . . . 1 . . Heat Surge 1 | . . . . . . . . . . . . . . . . . . . . 1 . . Overflow Damage 510 | . . . . . . 2 . . . . 36 272 . 19 . . 7 . 27 125 . 22 Projectiles 157 | . . . . . . . . . . . . . . 10 . . . . . 125 . 22 Explosions 189 | . . . . . . . . . . . 36 138 . 9 . . 6 . . . . . Melee 164 | . . . . . . 2 . . . . . 134 . . . . 1 . 27 . . . Knockbacks 14 | . . . . . . 1 . . . . . 1 . 1 . . 1 . . 9 . 1 Impact 3 | . . . . . . 1 . . . . . 1 . . . . 1 . . . . . Kinetic 11 | . . . . . . . . . . . . . . 1 . . . . . 9 . 1 Secondary . | . . . . . . . . . . . . . . . . . . . . . . . Self-Inflicted Damage 560 | . . . . . . . . . . . 74 . . 65 . . 16 . . . . 405 Shots 7 | . . . . . . . . . . . 2 . . 1 . . 1 . . . . 3 Rammed 21 | . 3 6 . . 2 . 2 . . . . . 2 . . 1 2 . 2 . . 1 Targets Rammed 28 | . 3 7 . . 4 3 2 . . . . . 2 . . 1 3 . 2 . . 1 Kicked 4 | . . . . . 1 3 . . . . . . . . . . . . . . . . Crushed 3 | . . 1 . . 1 . . . . . . . . . . . 1 . . . . . Highest Temperature 912 | 110 96 9 . 231 279 386 57 63 200 . 23 32 183 164 . 246 369 147 92 912 131 192 Average Temperature 101 | 55 38 9 . 95 71 109 11 27 64 . 16 9 39 42 . 71 142 69 54 162 71 98 Received Heat Transfer 2940 | . 78 9 . 213 90 324 93 . 36 . 180 477 663 83 . 39 126 96 . 334 90 9 Effects 19 | . . . . . . 6 . . . . . . . . . . . . . 13 . . Shutdowns 3 | . . . . . . 2 . . . . . . . . . . . . . 1 . . Energy Bleed 3 | . . . . . . . . . . . . . . . . . . . . 3 . . Interference 2 | . . . . . . 2 . . . . . . . . . . . . . . . . Matter Decay 3 | . . . . . . 1 . . . . . . . . . . . . . 2 . . Short Circuit 4 | . . . . . . 1 . . . . . . . . . . . . . 3 . . Damage (major) 4 | . . . . . . . . . . . . . . . . . . . . 4 . . Siege Activations 7 | . . . . . . . . . . . . . . . . . 3 2 1 1 . . Total Turns 102 | . . . . . . . . . . . . . . . . . 23 34 29 16 . . Longest Duration 29 | . . . . . . . . . . . . . . . . . 10 17 29 16 . . Robots Corrupted . | . . . . . . . . . . . . . . . . . . . . . . . Combat Hostiles . | . . . . . . . . . . . . . . . . . . . . . . . Parts Fried 3 | . . . . . . . . . . . . 3 . . . . . . . . . . Impact Corruptions 9 | . . . . . . 1 . . . . . 4 . . . . 1 . 3 . . . Robots Melted 2 | . . . . . 2 . . . . . . . . . . . . . . . . . Combat Hostiles 2 | . . . . . 2 . . . . . . . . . . . . . . . . . Parts Melted 48 | 1 2 4 . 3 5 13 13 2 1 . . . 1 . . . 2 1 . . . . Heat Transferred 15297 | 124 854 458 . 806 2097 2664 4033 740 296 . . 398 555 73 . 111 740 333 . 915 . 100 Parts Sabotaged . | . . . . . . . . . . . . . . . . . . . . . . . Parts Stolen . | . . . . . . . . . . . . . . . . . . . . . . . Parts Stripped . | . . . . . . . . . . . . . . . . . . . . . . . Power Chain Reactions . | . . . . . . . . . . . . . . . . . . . . . . . Missiles Intercepted . | . . . . . . . . . . . . . . . . . . . . . . . Alert | -11 -10 -10 -10 -9 -8 -8 -7 -7 -7 -7 -6 -6 -6 -6 -6 -6 -5 -5 -5 -5 -4 -4 ------- Run | Scr Mat Min Exi Min Mat Sto Fac Low Low Dat Pro Fac Ext Cet Arc Hub Fac Upp Upp War Pro Fac Peak Influence 1244 | 5 176 166 . 120 175 449 383 . . . . 1244 738 1157 760 481 448 . . . . 185 Initial 593 | . 3 68 . . . 73 203 . . . . 144 593 222 462 266 2 . . . . . Average 318 | 2 82 89 . 52 75 258 242 . . . . 871 406 707 556 311 188 . . . . 75 Maximum Alert Level 4 | . . . . . . 2 1 . . . . 4 3 4 3 2 2 . . . . . Low Security (%) 40 | 100 100 100 . 100 100 33 18 . . . . 12 . . . 14 40 . . . . 100 Level 1 36 | . . . . . . 53 81 . . . . 5 70 7 . 61 52 . . . . . Level 2 10 | . . . . . . 12 . . . . . 14 18 38 75 24 7 . . . . . Level 3 7 | . . . . . . . . . . . . 25 11 47 25 . . . . . . . Level 4 4 | . . . . . . . . . . . . 41 . 6 . . . . . . . . Level 5 . | . . . . . . . . . . . . . . . . . . . . . . . High Security . | . . . . . . . . . . . . . . . . . . . . . . . Max Security . | . . . . . . . . . . . . . . . . . . . . . . . Squads Dispatched 31 | . 2 . . . 3 1 4 . . . . 8 1 . . 3 7 . . . . 2 Investigation 9 | . 2 . . . 2 1 1 . . . . . 1 . . . 2 . . . . . Extermination 3 | . . . . . . . 2 . . . . . . . . . . . . . . 1 Reinforcement 12 | . . . . . 1 . 1 . . . . 4 . . . 3 2 . . . . 1 Assault 2 | . . . . . . . . . . . . 2 . . . . . . . . . . Garrison 5 | . . . . . . . . . . . . 2 . . . . 3 . . . . . Intercept . | . . . . . . . . . . . . . . . . . . . . . . . Searches Triggered . | . . . . . . . . . . . . . . . . . . . . . . . Construction Impeded 2 | . . . . . . . . . . . . . . . . 1 1 . . . . . Haulers Reinforced 1 | . . . . . . . . . . . . . . . . . 1 . . . . . Active Scanning Responses . | . . . . . . . . . . . . . . . . . . . . . . . Cargo Convoy Interrupts . | . . . . . . . . . . . . . . . . . . . . . . . Stealth | -11 -10 -10 -10 -9 -8 -8 -7 -7 -7 -7 -6 -6 -6 -6 -6 -6 -5 -5 -5 -5 -4 -4 --------- Run | Scr Mat Min Exi Min Mat Sto Fac Low Low Dat Pro Fac Ext Cet Arc Hub Fac Upp Upp War Pro Fac Distress Signals 9 | . 1 . . . 1 1 . . . . . 1 1 2 . . 1 . . . . 1 Communications Jammed . | . . . . . . . . . . . . . . . . . . . . . . . Distress Signals . | . . . . . . . . . . . . . . . . . . . . . . . Times Spotted 246 | . 4 4 . 6 14 16 19 2 7 . 8 36 29 29 4 6 26 4 . 19 7 6 Peak Tracking Total 8 | . 3 2 . 3 4 5 3 1 4 . 4 8 5 7 8 3 6 3 . 8 7 5 Tactical Retreats 14 | . . 1 . . . 1 2 . . . 1 4 2 . . . 2 . . . . 1 Traps | -11 -10 -10 -10 -9 -8 -8 -7 -7 -7 -7 -6 -6 -6 -6 -6 -6 -5 -5 -5 -5 -4 -4 ------- Run | Scr Mat Min Exi Min Mat Sto Fac Low Low Dat Pro Fac Ext Cet Arc Hub Fac Upp Upp War Pro Fac Traps Triggered 8 | . . . . . 1 3 1 . . . . . 1 . . . 2 . . . . . Indirectly . | . . . . . . . . . . . . . . . . . . . . . . . Trap Hack Attempts 3 | . . . . . 3 . . . . . . . . . . . . . . . . . Triggered . | . . . . . . . . . . . . . . . . . . . . . . . Disarmed . | . . . . . . . . . . . . . . . . . . . . . . . Reprogrammed 2 | . . . . . 2 . . . . . . . . . . . . . . . . . Reused . | . . . . . . . . . . . . . . . . . . . . . . . Traps Extracted . | . . . . . . . . . . . . . . . . . . . . . . . Installed . | . . . . . . . . . . . . . . . . . . . . . . . Triggered 7 | . . . . . . . . . . . 3 . . . . . . 3 1 . . . Machines | -11 -10 -10 -10 -9 -8 -8 -7 -7 -7 -7 -6 -6 -6 -6 -6 -6 -5 -5 -5 -5 -4 -4 ---------- Run | Scr Mat Min Exi Min Mat Sto Fac Low Low Dat Pro Fac Ext Cet Arc Hub Fac Upp Upp War Pro Fac Machines Disabled 56 | . . . . . 1 4 1 . 2 . . 29 3 4 1 1 2 . . 2 . 6 Max in Single Turn 20 | . . . . . 1 1 1 . 1 . . 20 . 3 . . 1 . . 1 . 4 Garrison Access 2 | . . . . . . . . . . . . 1 . . . . 1 . . . . . Machines Sabotaged . | . . . . . . . . . . . . . . . . . . . . . . . Garrisons Compromised . | . . . . . . . . . . . . . . . . . . . . . . . Overloaded Fab Kills . | . . . . . . . . . . . . . . . . . . . . . . . Hacking | -11 -10 -10 -10 -9 -8 -8 -7 -7 -7 -7 -6 -6 -6 -6 -6 -6 -5 -5 -5 -5 -4 -4 --------- Run | Scr Mat Min Exi Min Mat Sto Fac Low Low Dat Pro Fac Ext Cet Arc Hub Fac Upp Upp War Pro Fac Machines Accessed 35 | . 4 . 2 . 4 5 3 . 1 4 . 1 3 . . 4 4 . . . . . Terminals 22 | . 2 . . . 2 4 3 . . . . 1 3 . . 4 3 . . . . . Fabricators . | . . . . . . . . . . . . . . . . . . . . . . . Repair Stations . | . . . . . . . . . . . . . . . . . . . . . . . Recycling Units 5 | . 2 . . . 2 1 . . . . . . . . . . . . . . . . Scanalyzers . | . . . . . . . . . . . . . . . . . . . . . . . Garrison Access 1 | . . . . . . . . . . . . . . . . . 1 . . . . . Total Hacks 103 | . 7 . 2 . 11 12 7 . 1 30 . 2 6 . . 12 13 . . . . . Successful 62 | . 5 . 2 . 6 6 1 . 1 30 . 1 1 . . 6 3 . . . . . Failed 41 | . 2 . . . 5 6 6 . . . . 1 5 . . 6 10 . . . . . Catastrophic 5 | . . . . . 1 . 1 . . . . . 2 . . 1 . . . . . . Database Lockouts . | . . . . . . . . . . . . . . . . . . . . . . . Manual 30 | . 3 . 1 . 8 6 . . . . . . . 1 . 4 7 . . . . . Terminals 62 | . 5 . . . 8 11 7 . . . . 2 6 . . 12 11 . . . . . Fabricators . | . . . . . . . . . . . . . . . . . . . . . . . Repair Stations . | . . . . . . . . . . . . . . . . . . . . . . . Recycling Units 6 | . 2 . . . 3 1 . . . . . . . . . . . . . . . . Scanalyzers . | . . . . . . . . . . . . . . . . . . . . . . . Garrison Access 2 | . . . . . . . . . . . . . . . . . 2 . . . . . Terminal Hacks 53 | . 2 . 2 . 4 4 1 . 1 30 . 1 1 . . 5 2 . . . . . Record 12 | . . . 1 . . . . . . 11 . . . . . . . . . . . . Part Schematic 10 | . . . . . . . . . . 10 . . . . . . . . . . . . Robot Schematic 6 | . . . . . . . . . . 6 . . . . . . . . . . . . Robot Analysis 1 | . 1 . . . . . . . . . . . . . . . . . . . . . Prototype ID Bank 5 | . . . . . . 1 . . . 3 . . . . . . 1 . . . . . Open Door 4 | . . . . . . 2 . . 1 . . 1 . . . . . . . . . . Branch Access Points 3 | . 1 . . . 1 . . . . . . . . . . . 1 . . . . . Machine Index 1 | . . . . . . . . . . . . . . . . 1 . . . . . . Terminal Index 3 | . . . . . 1 1 1 . . . . . . . . . . . . . . . Alert Level 2 | . . . . . 1 . . . . . . . . . . 1 . . . . . . Unreport Threat 3 | . . . . . . . . . . . . . 1 . . 2 . . . . . . Zone Layout 2 | . . . . . 1 . . . . . . . . . . 1 . . . . . . EX-Prototype ID Bank 1 | . . . 1 . . . . . . . . . . . . . . . . . . . Fabricator Hacks . | . . . . . . . . . . . . . . . . . . . . . . . Repair Station Hacks . | . . . . . . . . . . . . . . . . . . . . . . . Recycling Unit Hacks . | . . . . . . . . . . . . . . . . . . . . . . . Scanalyzer . | . . . . . . . . . . . . . . . . . . . . . . . Garrison Access Hacks 1 | . . . . . . . . . . . . . . . . . 1 . . . . . Seal Access 1 | . . . . . . . . . . . . . . . . . 1 . . . . . Unauthorized Hacks 8 | . 3 . . . 2 2 . . . . . . . . . 1 . . . . . . Terminals 3 | . 1 . . . . 1 . . . . . . . . . 1 . . . . . . Assimilate 1 | . . . . . . . . . . . . . . . . 1 . . . . . . Botnet 2 | . 1 . . . . 1 . . . . . . . . . . . . . . . . Fabricators . | . . . . . . . . . . . . . . . . . . . . . . . Repair Stations . | . . . . . . . . . . . . . . . . . . . . . . . Recycling Units 5 | . 2 . . . 2 1 . . . . . . . . . . . . . . . . Tunnel 5 | . 2 . . . 2 1 . . . . . . . . . . . . . . . . Scanalyzers . | . . . . . . . . . . . . . . . . . . . . . . . Garrison Access . | . . . . . . . . . . . . . . . . . . . . . . . Data Cores Recovered 1 | . . . . . . . . . . . . . . . . 1 . . . . . . Used 1 | . . . . . . . . . . . . . . . . 1 . . . . . . Hacking Detections 21 | . 2 . . . 2 3 3 . . . . . 3 . . 4 4 . . . . . Full Trace Events 5 | . 1 . . . . . 1 . . . . . 1 . . . 2 . . . . . Feedback Events . | . . . . . . . . . . . . . . . . . . . . . . . Feedback Blocked . | . . . . . . . . . . . . . . . . . . . . . . . Robot Schematics Acquired 6 | . . . . . . . . . . 6 . . . . . . . . . . . . Robots Built . | . . . . . . . . . . . . . . . . . . . . . . . Authchips . | . . . . . . . . . . . . . . . . . . . . . . . Time . | . . . . . . . . . . . . . . . . . . . . . . . Total Robot Build Rating . | . . . . . . . . . . . . . . . . . . . . . . . Part Schematics Acquired 10 | . . . . . . . . . . 10 . . . . . . . . . . . . Parts Built . | . . . . . . . . . . . . . . . . . . . . . . . Authchips . | . . . . . . . . . . . . . . . . . . . . . . . Time . | . . . . . . . . . . . . . . . . . . . . . . . Total Part Build Rating . | . . . . . . . . . . . . . . . . . . . . . . . Parts Repaired . | . . . . . . . . . . . . . . . . . . . . . . . Time . | . . . . . . . . . . . . . . . . . . . . . . . Parts Recycled . | . . . . . . . . . . . . . . . . . . . . . . . Recycled Matter . | . . . . . . . . . . . . . . . . . . . . . . . Retrieved Matter . | . . . . . . . . . . . . . . . . . . . . . . . Retrieved Components . | . . . . . . . . . . . . . . . . . . . . . . . Parts Scanalyzed . | . . . . . . . . . . . . . . . . . . . . . . . Part Schematics Acquired . | . . . . . . . . . . . . . . . . . . . . . . . Parts Damaged . | . . . . . . . . . . . . . . . . . . . . . . . Bothacking | -11 -10 -10 -10 -9 -8 -8 -7 -7 -7 -7 -6 -6 -6 -6 -6 -6 -5 -5 -5 -5 -4 -4 ------------ Run | Scr Mat Min Exi Min Mat Sto Fac Low Low Dat Pro Fac Ext Cet Arc Hub Fac Upp Upp War Pro Fac Used RIF Installer . | . . . . . . . . . . . . . . . . . . . . . . . Robots Hacked . | . . . . . . . . . . . . . . . . . . . . . . . Non-combat . | . . . . . . . . . . . . . . . . . . . . . . . Combat . | . . . . . . . . . . . . . . . . . . . . . . . Robot Hacks Applied . | . . . . . . . . . . . . . . . . . . . . . . . Relay Couplers Released 3 | . . . . . . . . . . . . 3 . . . . . . . . . . Machine Destruction 3 | . . . . . . . . . . . . 3 . . . . . . . . . . Fabnet Peak Effective % . | . . . . . . . . . . . . . . . . . . . . . . . Robots Rewired 12 | . . . . . . . . . . . . . 10 . . . . . . . . 2 Allies Hacked . | . . . . . . . . . . . . . . . . . . . . . . . Hacks Repelled . | . . . . . . . . . . . . . . . . . . . . . . . Allies | -11 -10 -10 -10 -9 -8 -8 -7 -7 -7 -7 -6 -6 -6 -6 -6 -6 -5 -5 -5 -5 -4 -4 -------- Run | Scr Mat Min Exi Min Mat Sto Fac Low Low Dat Pro Fac Ext Cet Arc Hub Fac Upp Upp War Pro Fac Total Allies 22 | . . . . . . . . . . . 1 . 14 5 . . . . . . . 2 Largest Group 11 | . . . . . . . . . . . 1 1 9 11 5 4 1 . . . . 2 Highest-Rated Group 710 | . . . . . . . . . . . 96 96 401 710 513 375 89 . . . . 91 Highest-Rated Ally 159 | . . . . . . . . . . . 96 96 159 159 138 96 89 . . . . 49 Total Orders . | . . . . . . . . . . . . . . . . . . . . . . . Ally Attacks 327 | . . . . . . . . . . . 11 26 110 117 24 30 2 . . . . 7 Total Damage 10034 | . . . . . . . . . . . 479 1030 1964 4006 867 1343 45 . . . . 300 Kills 73 | . . . . . . . . . . . 2 9 19 28 7 7 . . . . . 1 Allies Corrupted . | . . . . . . . . . . . . . . . . . . . . . . . Allies Melted . | . . . . . . . . . . . . . . . . . . . . . . . Intel | -11 -10 -10 -10 -9 -8 -8 -7 -7 -7 -7 -6 -6 -6 -6 -6 -6 -5 -5 -5 -5 -4 -4 ------- Run | Scr Mat Min Exi Min Mat Sto Fac Low Low Dat Pro Fac Ext Cet Arc Hub Fac Upp Upp War Pro Fac Robot Analysis Total 1 | . 1 . . . . . . . . . . . . . . . . . . . . . Derelict Logs Recovered 9 | . . 1 . 1 . . . . 2 . . . . . . . . 2 1 . 2 . Drone Launches . | . . . . . . . . . . . . . . . . . . . . . . . Drone Recoveries . | . . . . . . . . . . . . . . . . . . . . . . . Exploration | -11 -10 -10 -10 -9 -8 -8 -7 -7 -7 -7 -6 -6 -6 -6 -6 -6 -5 -5 -5 -5 -4 -4 ------------- Run | Scr Mat Min Exi Min Mat Sto Fac Low Low Dat Pro Fac Ext Cet Arc Hub Fac Upp Upp War Pro Fac Turns Passed 14959 | 109 320 536 516 472 736 731 1162 450 2011 110 232 949 1893 600 72 495 735 940 479 545 143 723 Spaces Moved 7092 | 57 154 300 321 261 400 407 675 316 606 81 181 358 642 273 38 263 372 485 227 216 283 176 Core 388 | 2 . . . . . . . . . . . . . . . . . . . 7 283 96 Treads 4088 | 55 154 300 321 261 217 . . . . . . 271 642 273 38 263 372 485 227 209 . . Legs 671 | . . . . . 183 407 81 . . . . . . . . . . . . . . . Wheels 1865 | . . . . . . . 594 316 606 81 181 87 . . . . . . . . . . Hover 80 | . . . . . . . . . . . . . . . . . . . . . . 80 Flight . | . . . . . . . . . . . . . . . . . . . . . . . Fastest Speed 48 | 50 160 160 160 160 122 122 130 130 130 130 115 115 165 160 160 160 160 160 160 50 50 48 Average Speed 148 | 156 160 160 160 160 142 126 131 130 130 130 118 176 216 184 160 160 160 160 160 161 50 49 Slowest Speed 250 | 160 160 160 160 160 160 196 200 130 130 130 130 250 250 245 160 160 160 160 160 240 50 50 Overloaded Moves . | . . . . . . . . . . . . . . . . . . . . . . . Propulsion Burnouts . | . . . . . . . . . . . . . . . . . . . . . . . Robots Hopped . | . . . . . . . . . . . . . . . . . . . . . . . Cave-ins Triggered 5 | . . . . . . . . . . . . . . . . . . . . 5 . . Exploration Rate (%) 45 | 5 27 65 69 73 32 65 24 40 62 68 32 17 73 75 71 26 19 63 48 42 46 7 Regions Visited 22 Branch Regions 16 Pre-discovered Areas 10 | . 2 1 1 . 2 1 . . . 1 . . . . . . . 1 . . 1 . Known Exits Taken 6 | . 1 . . . 1 1 . . . . . . . . . . 1 1 1 . . . Unknown Exits Taken 16 | 1 . 1 1 1 . . 1 1 1 1 1 1 1 1 1 1 . . . 1 1 . Scrap Searched 17 | . . 1 . 3 . . . 1 5 . 2 . . . . . . 3 2 . . . Spaces Dug 136 | . . . . . . 1 . . 14 . . 40 . 40 . 6 . . 3 32 . . Terrain Destroyed 428 | . . . . . . 1 . . 42 . 83 106 5 71 . 13 28 6 3 57 . 13 Melee 18 | . . . . . . 1 . . 14 . . 3 . . . . . . . . . . Projectile 111 | . . . . . . . . . . . . 1 5 6 . 13 20 6 3 57 . . AOE 297 | . . . . . . . . . 28 . 83 102 . 65 . . 8 . . . . 11 Terrain Rammed 87 | . . . . . . . . . . . . . . . . . . . . . . 87 Walls Destroyed 2 | . . . . . . . . . . . . . . . . . . . . . . 2 Machines Disabled . | . . . . . . . . . . . . . . . . . . . . . . . Actions | -11 -10 -10 -10 -9 -8 -8 -7 -7 -7 -7 -6 -6 -6 -6 -6 -6 -5 -5 -5 -5 -4 -4 --------- Run | Scr Mat Min Exi Min Mat Sto Fac Low Low Dat Pro Fac Ext Cet Arc Hub Fac Upp Upp War Pro Fac Total 10035 | 68 189 336 326 284 506 542 853 334 1784 86 190 519 974 337 49 314 450 608 340 339 283 324 Wait 1631 | . 11 11 . . 31 9 103 . 1147 . 2 27 14 11 12 24 20 80 111 12 . 6 Move 7066 | 56 153 299 320 260 399 406 674 315 605 80 180 357 641 272 37 262 371 484 226 211 282 176 Hop . | . . . . . . . . . . . . . . . . . . . . . . . Pick Up 113 | 3 1 11 2 3 16 22 10 2 1 . . 8 5 13 . 3 2 5 . 3 . 3 Fast Attach 69 | 6 2 . . . 3 11 3 1 1 3 . 10 10 2 . . 4 1 . 5 . 7 Attach 73 | . . . . 2 9 1 4 2 . . . 14 8 5 . 3 4 5 . 14 . 2 Detach 16 | . . . . . . . . . . . . 2 1 2 . . 1 1 . 9 . . Swap 38 | . . . . 1 4 10 3 . 3 . 2 6 . 2 . 4 . . . 3 . . Drop 121 | . 1 . 4 2 10 34 11 4 2 3 . 7 5 9 . 5 6 4 . 11 . 3 Fire 535 | 3 18 8 . 16 27 45 43 10 8 . 6 82 85 21 . 12 39 28 1 67 . 16 Melee 25 | . . . . . . 1 . . 17 . . 6 1 . . . . . . . . . Ram 88 | . . . . . . . . . . . . . . . . . . . . . 1 87 Kick 4 | . . . . . 1 3 . . . . . . . . . . . . . . . . Crush 23 | . 3 7 . . 3 . 2 . . . . . 2 . . 1 3 . 2 . . . Escape Stasis 6 | . . . . . . . . . . . . . 2 . . . . . . 4 . . Rewire 224 | . . . . . . . . . . . . . 200 . . . . . . . . 24 Trap 3 | . . . . . 3 . . . . . . . . . . . . . . . . . Miscellaneous . | . . . . . . . . . . . . . . . . . . . . . . . Route ------- -11/Scrapyard -10/Materials (discovered 2 exits: *Min x2) -10/Mines (discovered 2 exits: [*Mat] / *Exi) -10/Exiles -9/Mines -8/Materials (discovered 3 exits: Fac / *Sto x2) -8/Storage -7/Factory -7/Lower Caves -7/Lower Caves -7/Data Miner -6/Proximity Caves -6/Factory -6/Extension (discovered 2 exits: *Fac / *Cet) -6/Cetus (discovered 2 exits: *Fac / [*Arc]) -6/Archives -6/Hub_04(d) -5/Factory (discovered 2 exits: *Upp x2) -5/Upper Caves -5/Upper Caves (discovered 2 exits: [*Fac] / *War) -5/Warlord -4/Proximity Caves -4/Factory (discovered 1 exit: [*Res]) History --------- Turn | Location | Event 6 | -11/Scrapyard | Discovered new exit (range 15) 110 | -11/Scrapyard | Entered Materials 303 | -10/Materials | Identified exit to Mines 307 | -10/Materials | Build established: Mutant 430 | -10/Materials | Entered Mines 495 | -10/Mines | Met a Derelict bent on vengeance 530 | -10/Mines | Discovered new exit (range 12) 554 | -10/Mines | Joined a pair of Derelicts in attacking an 0b10 outpost 774 | -10/Mines | Learned location of Zion (-6) 960 | -10/Mines | Deemed a non-threat by the Exiles lab entrance 960 | -10/Mines | Discovered new exit (range 5) 966 | -10/Mines | Entered Exiles 1005 | -10/Exiles | Met 8R-AWN 1029 | -10/Exiles | Met EX-HEX 1098 | -10/Exiles | Met EX-DEC 1256 | -10/Exiles | Met EX-BIN 1279 | -10/Exiles | Aligned with FarCom system 1280 | -10/Exiles | Given EX-Vault access code 1324 | -10/Exiles | Opened EX-Vault 1334 | -10/Exiles | Found AWS/Autocannon 1369 | -10/Exiles | Warned to stay clear of 0b10 Research branches 1468 | -10/Exiles | Discovered new exit (range 10) 1482 | -10/Exiles | Left Exiles lab with AWS/Autocannon 1482 | -10/Exiles | Entered Mines 1593 | -9/Mines | Learned location of 1 exit from Materials 1788 | -9/Mines | Core integrity fell below 50% 1932 | -9/Mines | Discovered new exit (range 14) 1954 | -9/Mines | Entered Materials 1954 | -8/Materials | Evolved 4 slots: Propulsion x2, Utility x1, Weapon x1 1955 | -8/Materials | Identified exit to Factory 2132 | -8/Materials | Discovered new exit (range 7) 2380 | -8/Materials | Build established: Scavenger-Skirmisher 2645 | -8/Materials | Identified exit to Storage 2690 | -8/Materials | Entered Storage 3029 | -8/Storage | Discovered exit to Factory (range 16) 3421 | -8/Storage | Entered Factory 3421 | -7/Factory | Evolved 2 slots: Utility x2 3640 | -7/Factory | Build established: Skirmisher 4561 | -7/Factory | Discovered new exit (range 7) 4583 | -7/Factory | Entered Lower Caves 4921 | -7/Lower Caves | Discovered new exit (range 5) 5033 | -7/Lower Caves | Entered another Lower Caves area 5793 | -7/Lower Caves | Acquired the password to a Derelict Tinkerer's latest research 5801 | -7/Lower Caves | Found Prototype Special Weapon 5893 | -7/Lower Caves | Learned 4 Factory zone layouts 5904 | -7/Lower Caves | Learned Factory non-interactive machine intel 6087 | -7/Lower Caves | Build established: Mutant 7026 | -7/Lower Caves | Discovered new exit (range 15) 7044 | -7/Lower Caves | Entered Data Miner 7044 | -7/Data Miner | Discovered new exit (range 6) 7071 | -7/Data Miner | Met Data Miner 7104 | -7/Data Miner | Learned location of Section 7 (-2) 7104 | -7/Data Miner | Acquired the access code to Warlord's prototype stash 7117 | -7/Data Miner | Received God Mode back door access code from Data Miner 7154 | -7/Data Miner | Entered Proximity Caves 7207 | -6/Proximity Caves | Escorted by Enhanced Grunt 7371 | -6/Proximity Caves | Discovered new exit (range 12) 7386 | -6/Proximity Caves | Entered Factory 7386 | -6/Factory | Accompanied by 1 ally 7386 | -6/Factory | Evolved 2 slots: Utility x2 7388 | -6/Factory | Loaded intel: 254 non-interactive machine locations 7499 | -6/Factory | Garrison activated, responded to threat 7686 | -6/Factory | Garrison activated, responded to threat 7889 | -6/Factory | Lost 3 parts (2u1w) 8086 | -6/Factory | First assault squad dispatched 8129 | -6/Factory | Spotted B-75 Beast 8162 | -6/Factory | Destroyed B-75 Beast 8325 | -6/Factory | Discovered new exit (range 6) 8335 | -6/Factory | Entered Extension 8560 | -6/Extension | Rescued a captive Derelict 8690 | -6/Extension | Build established: Scavenger-Tank 8839 | -6/Extension | Rescued a captive Derelict 9135 | -6/Extension | Disrupted transfer network 9313 | -6/Extension | Spotted B-75 Beast 9334 | -6/Extension | Allies destroyed B-75 Beast 9338 | -6/Extension | Lost 3 parts (1p2w) 9372 | -6/Extension | Core integrity fell below 50% 9395 | -6/Extension | Spotted B-75 Beast 9425 | -6/Extension | Destroyed B-75 Beast 9445 | -6/Extension | Lost 7 parts (2n4u1w) 9635 | -6/Extension | Rescued a captive Derelict 9677 | -6/Extension | Found Hvy. Insulated Plating 9689 | -6/Extension | Rescued A7 9738 | -6/Extension | Build established: Scavenger-Mutant 9914 | -6/Extension | Discovered new exit (range 15) 9915 | -6/Extension | Discovered new exit (range 15) 10228 | -6/Extension | Entered Cetus 10228 | -6/Cetus | Accompanied by 9 allies (A7) 10233 | -6/Cetus | Acquired a Cetus Manufacturing Module code from A7 10255 | -6/Cetus | Spotted Cetus Guard 10255 | -6/Cetus | Spotted Cetus Guard 10260 | -6/Cetus | Allies destroyed Cetus Guard 10260 | -6/Cetus | Spotted Cetus Guard 10262 | -6/Cetus | Spotted Cetus Guard 10268 | -6/Cetus | Allies destroyed Cetus Guard 10272 | -6/Cetus | Allies destroyed Cetus Guard 10275 | -6/Cetus | Allies destroyed Cetus Guard 10374 | -6/Cetus | Started Cetus Manufacturing Module 10399 | -6/Cetus | Manufactured an Enhanced Grunt 10406 | -6/Cetus | Escorted A7 to Cetus Mainframe 10424 | -6/Cetus | Manufactured an Enhanced Grunt 10445 | -6/Cetus | Discovered new exit (range 15) 10449 | -6/Cetus | Manufactured an Enhanced Grunt 10474 | -6/Cetus | Manufactured an Enhanced Grunt 10483 | -6/Cetus | Spotted Cetus Guard 10484 | -6/Cetus | Spotted Cetus Guard 10485 | -6/Cetus | Spotted Cetus Guard 10495 | -6/Cetus | Allies destroyed Cetus Guard 10499 | -6/Cetus | Manufactured an Enhanced Grunt 10500 | -6/Cetus | Allies destroyed Cetus Guard 10500 | -6/Cetus | Spotted Cetus Guard 10502 | -6/Cetus | Allies destroyed Cetus Guard 10502 | -6/Cetus | Discovered new exit (range 16) 10513 | -6/Cetus | Allies destroyed Cetus Guard 10518 | -6/Cetus | Met Revision 17 10825 | -6/Cetus | Build established: Scavenger-Tank 10828 | -6/Cetus | Entered Archives 10828 | -6/Archives | Accompanied by 5 allies (A7) 10833 | -6/Archives | Received a hacking code to weaken MAIN.C 10848 | -6/Archives | Met Zhirov 10854 | -6/Archives | Reinforcements dispatched to Archives 10864 | -6/Archives | Discovered new exit (range 16) 10899 | -6/Archives | Reinforcements dispatched to Archives 10900 | -6/Archives | Entered Hub_04(d) 10900 | -6/Hub_04(d) | Accompanied by 4 allies 11064 | -6/Hub_04(d) | Discovered new exit (range 17) 11188 | -6/Hub_04(d) | Found Prototype Device 11389 | -6/Hub_04(d) | System corruption reached 10% 11395 | -6/Hub_04(d) | Entered Factory 11395 | -5/Factory | Accompanied by 1 ally 11395 | -5/Factory | Evolved 2 slots: Utility x1, Weapon x1 11680 | -5/Factory | Garrison activated, responded to threat 11858 | -5/Factory | Identified exit to Upper Caves 12130 | -5/Factory | Entered Upper Caves 12185 | -5/Upper Caves | Identified exit to Upper Caves 12188 | -5/Upper Caves | Identified Active Sensor Suite 12443 | -5/Upper Caves | Learned location of Armory (-3) 12483 | -5/Upper Caves | Build established: Scavenger-Skirmisher 12638 | -5/Upper Caves | Identified Molecular Deconstructor 13070 | -5/Upper Caves | Entered another Upper Caves area 13139 | -5/Upper Caves | Discovered new exit (range 10) 13200 | -5/Upper Caves | Learned Factory terminal intel 13494 | -5/Upper Caves | Encountered a Warlord checkpoint 13530 | -5/Upper Caves | Discovered new exit (range 15) 13547 | -5/Upper Caves | Identified exit to Warlord 13549 | -5/Upper Caves | Entered Warlord 13692 | -5/Warlord | Met Warlord 13715 | -5/Warlord | Attacked by Warlord forces 13746 | -5/Warlord | Destroyed Fake God Mode 13755 | -5/Warlord | Spotted QT-PM8(K) 13764 | -5/Warlord | Destroyed QT-PM8(K) 13782 | -5/Warlord | Spotted EN-EUH(K) 13793 | -5/Warlord | Destroyed 7 combat bots 13797 | -5/Warlord | System corruption reached 10% 13810 | -5/Warlord | Destroyed EN-EUH(K) 13833 | -5/Warlord | Destroyed Warlord 13852 | -5/Warlord | Found Prototype Device 13852 | -5/Warlord | Identified Exp. Phase Shifter 13859 | -5/Warlord | Lost 4 parts (1n2u1w) 13871 | -5/Warlord | Warlord's base attacked by MAIN.C 13875 | -5/Warlord | Found Prototype Processor 13875 | -5/Warlord | Identified Exp. Core Analyzer 13878 | -5/Warlord | Found Prototype Device 13878 | -5/Warlord | Identified Thermal Barrier 13895 | -5/Warlord | Found Prototype Reactor 13924 | -5/Warlord | Spotted W2-1DM(g) 13936 | -5/Warlord | Destroyed W2-1DM(g) 14009 | -5/Warlord | Build established: Scavenger-Tank 14025 | -5/Warlord | Crushed by falling debris 14055 | -5/Warlord | Crushed by falling debris 14057 | -5/Warlord | Crushed by falling debris 14059 | -5/Warlord | Crushed by falling debris 14060 | -5/Warlord | Core integrity fell below 50% 14060 | -5/Warlord | System corruption reached 30% 14079 | -5/Warlord | Discovered new exit (range 5) 14082 | -5/Warlord | Crushed by falling debris 14094 | -5/Warlord | Entered Proximity Caves 14113 | -4/Proximity Caves | Lost 6 parts (1n4u1w) 14117 | -4/Proximity Caves | Learned Research emergency access door positions 14231 | -4/Proximity Caves | Discovered new exit (range 11) 14237 | -4/Proximity Caves | Entered Factory 14237 | -4/Factory | Evolved 2 slots: Power x1, Propulsion x1 14238 | -4/Factory | Loaded intel: 26 terminal locations 14330 | -4/Factory | Identified Vortex Chain Reactor 14357 | -4/Factory | Discovered new exit (range 9) 14390 | -4/Factory | Build established: Mutant 14423 | -4/Factory | System corruption reached 10% 14541 | -4/Factory | System corruption reached 30% 14807 | -4/Factory | Core integrity fell below 50% 14905 | -4/Factory | Core integrity fell below 20% 14960 | -4/Factory | Core destroyed Last Messages --------------- 14883_ Slammed into Wall. 14883_ Destabilizing: System corrupted (+1). 14890_ Slammed into Wall. 14890_ Destabilizing: Core damaged (-57). 14897_ Slammed into Wall. 14898_ System corrupted: Substantial component data lost. 14904_ Slammed into Wall. 14904_ Destabilizing: Core damaged (-34). 14904_ Destabilizing: System corrupted (+2). 14911_ Slammed into Wall. 14911_ Destabilizing: Core damaged (-57). 14918_ System corrupted: Substantial component data lost. 14918_ Slammed into Wall. 14918_ Destabilizing: Core damaged (-57). 14925_ Slammed into Wall. 14925_ Destabilizing: Core damaged (-46). 14932_ Slammed into Wall. 14946_ Destabilizing: System corrupted (+1). 14953_ Slammed into Wall. 14960_ Destabilizing: Core damaged (-46). Map ----- +----------------------------------------------------+ | ????????????????????????????????????# # | | ????????????????????????????????????#+############ | | ????????????????????????????????????# #??????????? | | ????????????????????????????????????# #??????????? | | ????????????????????????????????????# #??????????? | | ????????????????????????????????????# #??????????? | | ????????????????????????????????????# ############ | | ????????????????????????????????????# | | ????????????????????????????????????# | | ???????????????????????????############# | | ""T""???????????????##T #### #???# ####### | | """""???????????g?? ##### #?????? | | ??????????????????? #?????? | | ???????????????w??? < #?????? | | ??????????????????? #?????? | | ??????????????????? ##+######?????? | | ????????????????????######## # #??????? | | ???????????????????????????######### !#??????? | | ???????????Y???????????????????????# #??????? | | ???????????????????????????????????# #??????? | | ???????????????????????????????????# #??????? | | ???????????????????????????????????# """" #??????? | | ??????????????????????????????#????# """" #??????? | | ??????????????????????????### ##???# """" #??????? | | ????????????????????????### # ##??# """" #??????? | | ???????????????????????"#@ ## ##?# """" #??????? | | ???????????????????????T### # ### """" #??????? | | ???????????????????????"??## ### # """" #??????? | | ???????????????????????????####?# #??????? | | ????????????????????????????????# # #??????? | | ????????????????????????????????###########??????? | | ?????????????????????????????????????????????????? | | ?????????????????????????????????????????????????? | | ?????????????????????????????????????????????????? | | ?????????????????????????????????????????????????? | | ?????????????????????????????????????????????????? | | ?????????????????????????????????????????????????? | | ?????????????????????????????????????????????????? | | ?????????????????????????????????????????????????? | | ?????????????????????????????????????????????????? | | ?????????????????????????????????????????????????? | | ?????????????????????????????????????????????????? | | ?????????????????????????????????????????????????? | | ?????????????????????????????????????????????????? | | ?????????????????????????????????????????????????? | | ?????????????????????????????????????????????????? | | ?????????????????????????????????????????????????? | | ?????????????????????????????????????????????????? | | ?????????????????????????????????????????????????? | | ?????????????????????????????????????????????????? | +----------------------------------------------------+ Best States ------------- Heat Dissipation 113 Coolant Potential 120 Energy Generation 55 Energy Capacity 700 Matter Stores 300 Matter Capacity 300 Sight Range 16 Robot Scan Range 20 Terrain Scan Range 16 Terrain Scan Density 210 Armor Coverage 1650 Resistance: EM 30 Weapon Shielding 66 Weapon Cycling 20 Phase Shifting 20 Evasion (%) 59 Targeting Accuracy 8 Core Analysis 8 Recoil Reduction 4 Kinecelleration 30 Salvage Targeting 3 Offensive Hacking 14 Item Schematics ----------------- Combat Drone Bay | -7/Data Miner | Free Lgt. Regenerative Plating | -7/Data Miner | Free Cld. Cesium-ion Thruster | -7/Data Miner | Free Gravity Neutralizer | -7/Data Miner | Free Shock Maul | -7/Data Miner | Free Gyrokinetic Inverter | -7/Data Miner | Free Imp. Dynamic Insulation System | -7/Data Miner | Free Adv. Plasma Cannon | -7/Data Miner | Free Lrn. Proton Cannon | -7/Data Miner | Free Adv. Reaction Control System | -7/Data Miner | Free Robot Schematics ------------------ W-25 Informer | -7/Data Miner | Free M-14 Sweeper | -7/Data Miner | Free S-27 Virus | -7/Data Miner | Free L-41 Fighter | -7/Data Miner | Free B-48 Gladiator | -7/Data Miner | Free R-10 Processor | -7/Data Miner | Free Fabricated ------------ Nothing Alien Tech Used ----------------- None Achievements -------------- Hehehe Traitor Challenges ------------ None Game ------ Seed CentriumAblativeNanovents Manual? 0 Play Time 01:38:38 Cumulative 585.4 hours Start 2022.03.30 @ 18:10:46 End 2022.03.30 @ 20:00:15 Sessions 1 Manual Loads 0 Difficulty Rogue Special Mode None Game No. 405 Rogue 398 Adventurer 0 Explorer 7 Win Type - Total 34 Types 10/4/13/2/0/1/2/1/1 Lore% 84 Gallery% 93 Achievement% 82 Wizard Run 0 Options --------- ASCII 0 Keyboard 0 Movement Numpad Keybinds 0 Fullscreen 1 Font 18/X11Bold Map View 76x50 Tactical HUD 1 Map Filters NONE Filters NONE Steam 1 RUN: ab36b70a-fb16-4f9d-bc16-747a018d46a0